 Dungeon Crawl Stone Soup version 0.27-a0-1502-g47ed6a6988 (webtiles) character file.

Game seed: 11928883283201036117

108 ABBCCCDDDD the Ducker (level 5, -16/40 HPs)
             Began as a Djinni Fire Elementalist on July 9, 2021.
             Demolished by Crazy Yiuf (17 damage)
             ... on level 2 of the Dungeon.
             The game lasted 00:06:30 (2651 turns).

ABBCCCDDDD the Ducker (Djinni Fire Elementalist)    Turns: 2651, Time: 00:06:30

Health: -16/40     AC:  3    Str:  7    XL:     5   Next: 12%
Gold:   83         EV: 12    Int: 18    God:
                   SH:  0    Dex: 13

rFire    + + .     SeeInvis .   d - +0 dagger
rCold    x . .     Faith    .   (no shield)
rNeg     . . .     Spirit   .   i - +0 leather armour
rPois    ∞         Reflect  .   (no helmet)
rElec    .         Harm     .   (no cloak)
rCorr    .         Rampage  .   (no gloves)
Will     .....                  (boots unavailable)
Stlth    ++........             (no amulet)
HPRegen  0.13/turn              (no ring)
MPRegen  0.00/turn              (no ring)

@: mighty, attractive, flying, very slightly contaminated
A: sickness immunity, fire resistance 2, cold vulnerability 1, float, innate
caster, hp casting, extra vitality 1
a: no special abilities


You were on level 2 of the Dungeon.
You visited 1 branch of the dungeon, and saw 2 of its levels.

You collected 83 gold pieces.

Inventory:

Hand Weapons
 d - a +0 dagger (weapon)
Missiles
 c - 3 boomerangs
 h - 10 poisoned darts
Armour
 a - a +0 robe
 i - a +0 leather armour (worn)
Jewellery
 f - an amulet of guardian spirit
Scrolls
 g - 4 scrolls of teleportation {unknown}
 j - a scroll of fog {unknown}
Potions
 b - a potion of might
 e - 2 potions of attraction
 k - a potion of berserk rage {unknown}
 l - 2 potions of flight


   Skills:
 + Level 2.9 Fighting
 + Level 4.1 Dodging
 - Level 1.5 Stealth
 - Level 2.4 Spellcasting


You couldn't memorise any spells.
You knew the following spells:

 Your Spells              Type           Power      Damage    Failure   Level
a - Foxfire               Conj/Fire      40%        2x1d6     10%         1
b - Conjure Flame         Conj/Fire      10%        6-21      28%         3
c - Inner Flame           Hex/Fire       10%        N/A       28%         3
d - Sticky Flame          Conj/Fire      10%        2d3       67%         4
e - Fireball              Conj/Fire      5%         3d5       95%         5
f - Beastly Appendage     Tmut           20%        N/A       10%         1
g - Ensorcelled Hibernat  Hex/Ice        20%        N/A       14%         2
Your spell library was empty.

Dungeon Overview and Level Annotations

Branches:
Dungeon (2/15)

Altars:

Annotations:
D:2 Crazy Yiuf


Innate Abilities, Weirdness & Mutations

You are immune to sickness and miasma.
You are immune to poison.
Your flesh is very heat resistant. (rF++)
You are vulnerable to cold. (rC-)
You float through the air rather than walking.
You learn spells naturally, not from books.
Your magical power is your life essence.
You have superior vitality. (+4 HP)


Message History

Crazy Yiuf is lightly wounded.
The foxfire hits Crazy Yiuf.
Crazy Yiuf is moderately wounded.
The foxfire hits Crazy Yiuf.
Crazy Yiuf is heavily wounded.
The foxfire hits Crazy Yiuf.
Crazy Yiuf is severely wounded.
Casting: Foxfire (safe; 10% risk of failure)
Confirm with . or Enter, or press ? or * to list all spells.
You conjure some foxfire!
Crazy Yiuf hits you with a +4 quarterstaff of chaos!
Your foxfire dissipates!
The foxfire hits Crazy Yiuf.
Crazy Yiuf is severely wounded.
Casting: Foxfire (safe; 10% risk of failure)
Confirm with . or Enter, or press ? or * to list all spells.
You miscast Foxfire.
You are very lightly contaminated with residual magic.
Nothing appears to happen.
Crazy Yiuf hits you with a +4 quarterstaff of chaos!
* * * LOW HITPOINT WARNING * * *
You are confused.
You're too confused to cast spells.
You're too confused to move!
Crazy Yiuf grits, "East chair action!"
Crazy Yiuf closely misses you.
You bump into the rock wall.
Crazy Yiuf barely misses you.
It was a potion of attraction.
You feel attractive to monsters.
Crazy Yiuf hits you with a +4 quarterstaff of chaos.
* * * LOW HITPOINT WARNING * * *
Crazy Yiuf burns you.
* * * LOW HITPOINT WARNING * * *
It was a potion of might.
You feel very mighty all of a sudden. Crazy Yiuf closely misses you.
It was a potion of flight.
You feel more buoyant.
You feel less confused.
Crazy Yiuf hits you with a +4 quarterstaff of chaos!
You die...

#......####### ######
#.####.#.....# #..[.# #.#
#.#.###.# ###....# #.#
#.#...#.#### .##...[######.#
#.#...#....# .#..........#.#
#...#.####.#
.#.########.#.#####..######.#
.#.###....#.......(.......#.###
........)......g@.)..........>#
)..###.##.#.#.####......#.#.#.#
#### #.##.....####.####.....#.###
######(............####.....#....
......#####.#######...........##.
....(.# #.# #.####....####.
......# #.# #.# #....# #. ......#
#)#######.####....# #. #######
#.#..........'....# ♣.


You could see Crazy Yiuf.

Vanquished Creatures
  Jessica (D:2)
  Robin (D:2)
  An adder (D:2)
  A worm (D:2)
  A dart slug (D:1)
  4 endoplasms
  A giant cockroach (D:2)
  6 hobgoblins
  10 jackals
  4 kobolds
  3 quokkas
  3 ball pythons
  A bat (D:2)
  3 frilled lizards
  10 goblins
  A rat (D:1)
51 creatures vanquished.

Vanquished Creatures (others)
  169 foxfires
169 creatures vanquished.

Grand Total: 220 creatures vanquished

Notes
Turn   | Place    | Note
-------+----------+-------------------------------------------
     0 | D:1      | ABBCCCDDDD the Djinni Fire Elementalist began the quest for
                  | the Orb.
     0 | D:1      | Reached XP level 1. HP: 15/15 MP: 0/0
   264 | D:1      | Reached skill level 1 in Fighting
   264 | D:1      | Reached XP level 2. HP: 19/22 MP: 0/0
   910 | D:1      | Reached skill level 3 in Dodging
   910 | D:1      | Reached XP level 3. HP: 23/27 MP: 0/0
   910 | D:1      | Learned a level 1 spell: Beastly Appendage
  1399 | D:2      | Noticed Jessica
  1403 | D:2      | Killed Jessica
  1404 | D:2      | Reached XP level 4. HP: 24/34 MP: 0/0
  1733 | D:2      | Found a runed translucent door.
  1734 | D:2      | Noticed Crazy Yiuf
  1906 | D:2      | Noticed Robin
  1947 | D:2      | Killed Robin
  1948 | D:2      | Reached skill level 4 in Dodging
  1950 | D:2      | Reached XP level 5. HP: 30/40 MP: 0/0
  1950 | D:2      | Learned a level 2 spell: Ensorcelled Hibernation
  2649 | D:2      | HP: 2/40 [Crazy Yiuf (6)]
  2651 | D:2      | Demolished by Crazy Yiuf

Illustrated notes

Levels and vault maps discovered:
D:1:      dpeg_arrival_tiny_g, layout_basic
D:2:      layout_basic, uniq_jessica, uniq_robin, uniq_crazy_yiuf_cottage

Skill      XL: |  1  2  3  4 |
---------------+-------------+-----
Fighting       | 1 2 |  2.9
Dodging        | 3 4 |  4.1
Stealth        | |  1.5
Spellcasting   | |  2.4

Action                   |  1- 3 |  4- 6 || total
-------------------------+-------+-------++-------
Melee: Dagger            |       |     1 ||     1
 Cast: Foxfire           |    62 |    52 ||   114
       Ensorcelled Hiber |       |     1 ||     1
       Beastly Appendage |       |     1 ||     1
  Use: Potion            |       |     3 ||     3
 Stab: Sleeping          |       |     1 ||     1
Armor: Robe              |     5 |       ||     5
       Leather armour    |     1 |     3 ||     4
Dodge: Dodged            |    11 |     6 ||    17

Table legend: (Time is in decaauts)
 A = Elapsed time spent in this place.
 B = Non-inter-level travel time spent in this place.
 C = Inter-level travel time spent in this place.
 D = Time resting spent in this place.
 E = Time spent auto-exploring this place.
 F = Levels seen in this place.
 G = Mean time per level.
                   A        B        C        D        E       F      G
               +--------+--------+--------+--------+--------+-----+--------+
         Total |   2650 |   2572 |     78 |    663 |   1414 |   2 | 1325.0 |
       Dungeon |   2650 |   2572 |     78 |    663 |   1414 |   2 | 1325.0 |
               +--------+--------+--------+--------+--------+-----+--------+

Top non-repeatable levels by time:
     D:2: 1371 daAuts
     D:1: 1278 daAuts
